 Dungeon Crawl Stone Soup version 0.31-a0-196-g86fe4a5e66 (webtiles) character file.

Game seed: 6740990953871258654

5803 qw the Markself (level 10, 0/56 HPs)
             Began as a Deep Elf Hunter on June 24, 2023.
             Was a Follower of Okawaru.
             Slain by a killer bee (5 damage)
             ... on level 8 of the Dungeon.
             The game lasted 00:02:24 (5070 turns).

qw the Markself (Deep Elf Hunter)                   Turns: 5070, Time: 00:02:24

Health: 0/56       AC: 15    Str: 12    XL:     10   Next: 50%
Magic:  11/13      EV: 22    Int: 15    God:    Okawaru [*.....]
Gold:   496        SH:  0    Dex: 28    Spells: 9/9 levels left

rFire   . . .        a - +6 hand crossbow (drain)
rCold   . . .        (no shield)
rNeg    . . .        m - +4 ring mail
rPois   .            d - +2 helmet "Vudoz" {+Inv rElec Will- Dex+4}
rElec   +            (no cloak)
rCorr   .            e - +0 pair of gloves
SInv    +            (no boots)
Will    .....        n - amulet of regeneration
Stlth   +++          h - ring of see invisible
HPRegen 1.09/turn    j - +6 ring of dexterity
MPRegen 0.13/turn

%: no passive effects
@: lethally poisoned (0 -> -13), about to teleport, heroic
A: no striking features
a: Renounce Religion, Evoke Invisibility, Heroism


You were on level 8 of the Dungeon.
You worshipped Okawaru.
Okawaru was aware of your devotion.
You visited 2 branches of the dungeon, and saw 9 of its levels.
You also visited: Ossuary.

You collected 496 gold pieces.


   Skills:
 - Level 4.1(9.1) Fighting
 + Level 17.4(22.4) Ranged Weapons
 - Level 2.1(7.1) Armour
 - Level 8.0(13.0) Dodging
 - Level 1.2(6.2) Stealth
 + Level 2.4 Invocations


You had 9 spell levels left.
You didn't know any spells.
Your spell library was empty.

Inventory:

Hand Weapons
 a - a +6 hand crossbow of draining (weapon)
Armour
 d - the +2 helmet "Vudoz" (worn) {+Inv rElec Will- Dex+4}
   (You acquired it on level 1 of the Dungeon)

   Dex:       It affects your dexterity (+4).
   rElec:     It insulates you from electricity.
   +Inv:      It lets you turn invisible.
   Will:      It decreases your willpower.
 e - a +0 pair of gloves (worn)
 m - a +4 ring mail (worn)
Jewellery
 h - a ring of see invisible (left hand)
 j - a +6 ring of dexterity (right hand)
 l - a ring of fire
 n - an amulet of regeneration (around neck)
 q - a +6 ring of strength
 Y - a ring of protection from cold
Wands
 v - a wand of digging (3)
Scrolls
 b - a scroll of blinking {unknown}
 c - 3 scrolls of identify
 k - 4 scrolls of teleportation
Potions
 f - 4 potions of heal wounds
 g - 6 potions of curing
 i - 4 potions of resistance
 o - a potion of enlightenment
 p - a potion of cancellation
 r - a potion of might
 s - 3 potions of haste
 t - 2 potions of mutation

Dungeon Overview and Level Annotations

Branches:
Dungeon (8/15)             Temple (1/1) D:7         Ossuary (visited)
   Lair: D:8-11

Altars:
Ashenzari
Cheibriados
Dithmenos
Elyvilon
Fedhas
Gozag
Hepliaklqana
Kikubaaqudgha
Makhleb
Nemelex Xobeh
Okawaru
Qazlal
Ru
Sif Muna
Trog
Uskayaw
Vehumet
Wu Jian
Xom
Yredelemnul
The Shining One


Message History

A killer bee comes into view.
The killer bee misses you.
You shoot a bolt. The bolt closely misses the killer bee.
You feel sick.
The killer bee misses you. x2; The killer bee stings you.
You are more poisoned.
The killer bee poisons you! The killer bee closely misses you.
The killer bee stings you but does no damage. x2
The killer bee stings you.
You are more poisoned.
The killer bee poisons you!
The killer bee completely misses you. x2
You shoot a bolt.
The bolt completely misses the killer bee.
You feel very sick. The killer bee closely misses you.
The killer bee stings you.
You are more poisoned.
The killer bee poisons you! The killer bee barely misses you. x2
The killer bee closely misses you. The killer bee completely misses you.
You shoot a bolt. The bolt closely misses the killer bee.
You feel very sick. The killer bee stings you.
You are more poisoned.
The killer bee poisons you! The killer bee stings you!
The killer bee stings you but does no damage.
The killer bee closely misses you. The killer bee stings you.
The killer bee misses you.
5069 ||| INVOKING Heroism.
You gain the combat prowess of a mighty hero.
You feel very sick. The killer bee completely misses you.
The killer bee stings you but does no damage.
The killer bee misses you. The killer bee completely misses you.
The killer bee stings you.
You are lethally poisoned!
The killer bee poisons you! The killer bee stings you.
5070 ||| READING 5 scrolls of teleportation.
As you read the scroll of teleportation, it crumbles to dust.
You feel strangely unstable.
You feel very sick. The killer bee stings you.
You die...

#.......................[.[#
#...........#......##..<...#
#.......)....##....(..#....#..
#.........#.......##)).........
#........###......###.)........
...........
#.....##.....##.....
#.......#.###......#.....# .#..
#.#.##...........#
......y@###.........
......#yy.##....#....
......##...#....##..# .....
...#.....#.## .....
.....##..... .##. .###.# .....
.. .# ..# ....# .# #


You could see 3 killer bees.

Vanquished Creatures
  Pikel (D:6)
  Maggie (D:7)
  A troll (D:8)
  Grinder (D:4)
  5 yaks (D:8)
  Eustachio (D:5)
  Edmund (D:6)
  A water moccasin (D:5)
  Duvessa (D:5)
  2 black bears (D:6)
  2 orc warriors
  2 ice beasts
  An ogre (D:5)
  3 centaurs
  A phantom (D:7)
  2 lemures (D:6)
  Blork the orc (D:4)
  A bullfrog (D:8)
  10 scorpions
  5 wights
  Dowan (D:5)
  5 killer bees
  A howler monkey (D:5)
  3 centaur zombies (Ossuary)
  6 hounds
  2 orc priests
  A gnoll bouda (D:8)
  4 human zombies (Ossuary)
  2 sleepcaps (D:6)
  2 iguanas
  3 scorpion zombies (Ossuary)
  7 orc wizards
  3 mummies (Ossuary)
  12 adders
  10 gnolls
  2 white imps
  An ufetubus (D:7)
  4 worms (D:2)
  3 dart slugs
  29 orcs
  6 bats
  6 endoplasms
  2 giant cockroaches
  A gnoll zombie (Ossuary)
  6 goblins
  3 hobgoblins
  4 jackals (D:2)
  2 quokkas
  8 ball pythons
  6 frilled lizards
  3 goblin zombies (Ossuary)
  4 hobgoblin zombies (Ossuary)
  4 kobolds
  A kobold zombie (Ossuary)
  An orc zombie (Ossuary)
  9 rats
210 creatures vanquished.

Notes
Turn   | Place    | Note
-------+----------+-------------------------------------------
     0 | D:1      | qw the Deep Elf Hunter began the quest for the Orb.
     0 | D:1      | Reached XP level 1. HP: 12/12 MP: 3/3
     0 | D:1      | 0 ||| qw: Version: 0.3-a-9-g12657ce
     0 | D:1      | 0 ||| qw: Game counter: 4794
     0 | D:1      | 0 ||| qw: Always use a shield: true
     0 | D:1      | 0 ||| qw: God list: Okawaru
     0 | D:1      | 0 ||| qw: Allow faded altars: false
     0 | D:1      | 0 ||| qw: Do Orc after D:15 true
     0 | D:1      | 0 ||| qw: Do second Lair branch before Depths: true
     0 | D:1      | 0 ||| qw: Lair rune preference: random
     0 | D:1      | 0 ||| qw: Plans: Normal
     0 | D:1      | 0 ||| PLANNING D:1-11
   750 | D:1      | Reached XP level 2. HP: 16/16 MP: 4/4
   755 | D:1      | Reached skill level 6 in Ranged Weapons
   933 | D:1      | 933 ||| UPGRADING to +0 pair of gloves.
   938 | D:1      | 938 ||| UPGRADING to +0 ring mail.
   948 | D:1      | 948 ||| DROPPING +0 leather armour.
   949 | D:1      | 949 ||| READING scroll labelled ISOCEIGISU.
   950 | D:1      | 950 ||| READING 3 scrolls labelled QIUHEZ OSMYCK.
   950 | D:1      | Identified 3 scrolls of acquirement
   950 | D:1      | 950 ||| ACQUIRING +2 helmet "Vudoz" {+Inv rElec Will-
                  | Dex+4}
   950 | D:1      | Acquired the +2 helmet "Vudoz" {+Inv rElec Will- Dex+4}
   951 | D:1      | 951 ||| READING 2 scrolls of acquirement.
   951 | D:1      | 951 ||| ACQUIRING +3 hand crossbow of draining
   951 | D:1      | Acquired a +3 hand crossbow of draining
   952 | D:1      | 952 ||| READING scroll of acquirement.
   952 | D:1      | 952 ||| ACQUIRING +2 hat of Servitude {rCorr}
   952 | D:1      | Acquired the +2 hat of Servitude {rCorr}
   954 | D:1      | 954 ||| SWAPPING to +3 hand crossbow of draining.
   955 | D:1      | 955 ||| UPGRADING to +2 hat of Servitude {rCorr}.
   960 | D:1      | 960 ||| UPGRADING to +2 helmet "Vudoz" {+Inv rElec Will-
                  | Dex+4}.
   970 | D:1      | 970 ||| DROPPING +2 hat of Servitude {rCorr}.
   971 | D:1      | 971 ||| DROPPING +0 shortbow.
   972 | D:1      | 972 ||| READING 2 scrolls labelled HIORRA HYHUNOD.
   973 | D:1      | 973 ||| READING scroll labelled ELUNIG LIEGHELIMUD.
   974 | D:1      | 974 ||| READING scroll labelled QAFESHEUNU.
   975 | D:1      | 975 ||| DROPPING scroll of butterflies.
  1026 | D:2      | Identified the +0 robe "Vewor" {Int+4}
  1030 | D:2      | Reached XP level 3. HP: 20/20 MP: 5/5
  1123 | D:2      | Reached skill level 7 in Ranged Weapons
  1301 | D:2      | Reached XP level 4. HP: 25/25 MP: 6/6
  1403 | D:2      | 1403 ||| DROPPING +0 robe "Vewor" {Int+4}.
  1404 | D:2      | 1404 ||| DROPPING scarf of harm.
  1405 | D:2      | 1405 ||| UPGRADING to amulet of guardian spirit.
  1410 | D:2      | 1410 ||| DRINKING 2 silvery potions.
  1411 | D:2      | 1411 ||| READING 3 scrolls of identify.
  1411 | D:2      | 1411 ||| IDENTIFYING viscous blue potion
  1412 | D:2      | 1412 ||| READING 2 scrolls of identify.
  1412 | D:2      | 1412 ||| IDENTIFYING smoky inky potion
  1428 | D:3      | Reached skill level 8 in Ranged Weapons
  1431 | D:3      | Reached XP level 5. HP: 29/29 MP: 5/7
  1802 | D:3      | 1802 ||| UPGRADING to ring of protection from cold.
  1803 | D:3      | 1803 ||| READING scroll labelled UHIHOTIE OMNUA.
  1804 | D:3      | 1804 ||| READING scroll labelled QATU BAYMUT.
  1805 | D:3      | 1805 ||| READING 3 scrolls of identify.
  1805 | D:3      | 1805 ||| IDENTIFYING lumpy amethyst potion
  1806 | D:3      | 1806 ||| DROPPING potion of invisibility.
  1828 | D:4      | Noticed Grinder
  1829 | D:4      | Paralysed by Grinder for 5 turns
  1839 | D:4      | Killed Grinder
  1840 | D:4      | Reached skill level 10 in Ranged Weapons
  1840 | D:4      | Reached XP level 6. HP: 23/34 MP: 4/8
  1903 | D:4      | Found a blossoming altar of Fedhas.
  1917 | D:4      | Reached skill level 3 in Dodging
  2002 | D:4      | Reached skill level 1 in Armour
  2002 | D:4      | Reached XP level 7. HP: 40/40 MP: 9/9
  2018 | D:4      | Noticed Blork the orc
  2018 | D:4      | 2018 ||| Stepping ~*~*~tactically~*~*~ (outnumbered).
  2040 | D:4      | Killed Blork the orc
  2095 | D:4      | Reached skill level 11 in Ranged Weapons
  2096 | D:4      | 2096 ||| Stepping ~*~*~tactically~*~*~ (outnumbered).
  2309 | D:4      | 2309 ||| UPGRADING to +6 ring of dexterity.
  2310 | D:4      | 2310 ||| READING scroll labelled NIASKI HOSEMN.
  2314 | D:5      | Entered Level 5 of the Dungeon
  2452 | D:5      | Noticed Duvessa
  2453 | D:5      | Noticed Dowan
  2456 | D:5      | Killed Duvessa
  2461 | D:5      | Killed Dowan
  2491 | D:5      | Reached XP level 8. HP: 44/44 MP: 10/10
  2723 | D:5      | Reached skill level 12 in Ranged Weapons
  2810 | D:5      | Reached skill level 3 in Fighting
  2817 | D:5      | 2817 ||| FLEEEEING.
  2883 | D:5      | Noticed Eustachio
  2885 | D:5      | Found a basalt altar of Yredelemnul.
  2889 | D:5      | Killed Eustachio
  2890 | D:5      | Reached skill level 13 in Ranged Weapons
  3036 | D:5      | Found a burning altar of Makhleb.
  3176 | D:5      | 3176 ||| UPGRADING to +4 ring mail.
  3186 | D:5      | 3186 ||| DROPPING +0 ring mail.
  3187 | D:5      | 3187 ||| DROPPING ring of flight.
  3188 | D:5      | 3188 ||| READING 4 scrolls of identify.
  3188 | D:5      | 3188 ||| IDENTIFYING sedimented ruby potion
  3189 | D:5      | 3189 ||| READING 3 scrolls of identify.
  3189 | D:5      | 3189 ||| IDENTIFYING metallic pink potion
  3190 | D:5      | 3190 ||| READING 2 scrolls of identify.
  3190 | D:5      | 3190 ||| IDENTIFYING inky potion
  3191 | D:5      | 3191 ||| DROPPING potion of lignification.
  3192 | D:5      | 3192 ||| DROPPING potion of berserk rage.
  3216 | D:6      | 3216 ||| PLANNING OSSUARY
  3238 | D:6      | Found a sand-covered staircase.
  3243 | Ossuary  | Entered an ossuary
  3257 | Ossuary  | Reached skill level 6 in Dodging
  3324 | Ossuary  | Reached XP level 9. HP: 51/51 MP: 11/11
  3359 | Ossuary  | Reached skill level 14 in Ranged Weapons
  3500 | Ossuary  | 3500 ||| READING scroll labelled PIREBL PIUN.
  3566 | Ossuary  | 3566 ||| READING scroll labelled JIDEYST ARGHALU.
  3567 | Ossuary  | 3567 ||| READING 4 scrolls labelled TAIMEMUKLE.
  3568 | Ossuary  | 3568 ||| READING 5 scrolls of identify.
  3568 | Ossuary  | 3568 ||| IDENTIFYING fuming clear potion
  3569 | Ossuary  | 3569 ||| READING 4 scrolls of identify.
  3569 | Ossuary  | 3569 ||| IDENTIFYING puce potion
  3570 | Ossuary  | 3570 ||| READING 3 scrolls of identify.
  3570 | Ossuary  | 3570 ||| IDENTIFYING brown potion
  3571 | Ossuary  | 3571 ||| READING 2 scrolls of identify.
  3571 | Ossuary  | 3571 ||| IDENTIFYING bubbling ruby potion
  3572 | Ossuary  | 3572 ||| DROPPING 3 scrolls of amnesia.
  3573 | Ossuary  | 3573 ||| DROPPING potion of brilliance.
  3610 | D:6      | 3610 ||| PLANNING D:1-11
  3645 | D:6      | Noticed Pikel
  3650 | D:6      | Killed Pikel
  3651 | D:6      | Reached skill level 15 in Ranged Weapons
  3666 | D:6      | 3666 ||| READING scroll of enchant weapon.
  3666 | D:6      | 3666 ||| ENCHANTING +4 hand crossbow of draining.
  3725 | D:6      | 3725 ||| READING scroll of enchant weapon.
  3725 | D:6      | 3725 ||| ENCHANTING +5 hand crossbow of draining.
  3735 | D:6      | Noticed Edmund
  3739 | D:6      | Killed Edmund
  3795 | D:6      | Reached skill level 16 in Ranged Weapons
  4114 | D:6      | 4114 ||| UPGRADING to ring of see invisible.
  4275 | D:7      | Noticed Maggie
  4280 | D:7      | Killed Maggie
  4281 | D:7      | Reached XP level 10. HP: 40/56 MP: 7/12
  4417 | D:7      | Found a staircase to the Ecumenical Temple.
  4418 | D:7      | 4418 ||| PLANNING TEMPLE
  4424 | D:7      | 4424 ||| UPGRADING to amulet of regeneration.
  4434 | D:7      | 4434 ||| DROPPING amulet of guardian spirit.
  4435 | D:7      | 4435 ||| READING 4 scrolls of identify.
  4435 | D:7      | 4435 ||| IDENTIFYING fizzy orange potion
  4436 | D:7      | 4436 ||| READING 3 scrolls of identify.
  4436 | D:7      | 4436 ||| IDENTIFYING sapphire potion
  4437 | D:7      | 4437 ||| DROPPING potion of magic.
  4446 | Temple   | Entered the Ecumenical Temple
  4539 | Temple   | 4539 ||| PLANNING OKAWARU WORSHIP
  4662 | Temple   | Became a worshipper of Warmaster Okawaru
  4663 | Temple   | 4663 ||| PLANNING D:1-11
  4973 | D:8      | Reached skill level 17 in Ranged Weapons
  4976 | D:8      | Reached * piety under Okawaru
  4980 | D:8      | Reached skill level 1 in Invocations
  5029 | D:8      | 5029 ||| INVOKING Heroism.
  5069 | D:8      | 5069 ||| INVOKING Heroism.
  5069 | D:8      | HP: 14/56 [killer bee (3)]
  5070 | D:8      | 5070 ||| READING 5 scrolls of teleportation.
  5070 | D:8      | HP: 5/56 [poisoned by a killer bee]
  5070 | D:8      | Slain by a killer bee

Levels and vault maps discovered:
D:1:      minmay_arrival_diagonal_passages, layout_basic, minmay_domino_2
D:2:      layout_rooms, minmay_misc_feat_square
D:3:      layout_rooms, nrook_mini_backslash, serial_park_tiny_1,
          interstate_on_off
D:4:      layout_rooms, fedhas_altar_1, uniq_blork_the_orc, uniq_grinder
D:5:      layout_basic, mainiacjoe_overflow_two_lobes, uniq_eustachio,
          uniq_duvessa
D:6:      layout_basic, enter_ossuary_2, minmay_door_square, uniq_pikel,
          uniq_edmund
D:7:      layout_rooms, minmay_temple_entry_mist, glass_columns_b, st_stairs_13,
          uniq_maggie
D:8:      layout_cave_pools, serial_shops, nicolae_shop_back_alley_shop
Temple:   mainiacjoe_temple_bowtie_tessellation

Skill      XL: |  1  2  3  4  5  6  7  8  9 10 |
---------------+-------------------------------+-----
Ranged Weapons | 6 7 8 10 11 13 16 17 | 17.4
Dodging        | 3 5 6 7 8 |  8.0
Fighting       | 2 3 4 |  4.1
Armour         | 1 2 |  2.1
Invocations    | 2 |  2.4
Stealth        | |  1.2

Action                     |  1- 3 |  4- 6 |  7- 9 | 10-12 || total
---------------------------+-------+-------+-------+-------++-------
   Fire: Shortbow          |    37 |       |       |       ||    37
         Hand crossbow     |    33 |    70 |   220 |    69 ||   392
 Invoke: Heroism           |       |       |       |     2 ||     2
    Use: Scroll            |     7 |     5 |    13 |     3 ||    28
         Potion            |       |     1 |       |       ||     1
 Armour: Leather armour    |     3 |       |       |       ||     3
         Ring mail         |     7 |    14 |    29 |     8 ||    58
  Dodge: Dodged            |     7 |    25 |    44 |    37 ||   113

Table legend:
 A = Non-vault XP
 B = Vault XP
 C = Vault XP percentage of total XP
 D = Non-vault monster count
 E = Vault monster count
 F = Vault count percentage of total count
                 A         B        C        D         E       F
            +---------+---------+-------+---------+---------+-------
      Total |    5072 |    3218 |  38.8 |     167 |      41 |  19.7
            +---------+---------+-------+---------+---------+-------
        D:1 |      20 |       1 |   4.8 |      15 |       1 |   6.2
        D:2 |      92 |       0 |   0.0 |      27 |       0 |   0.0
        D:3 |     155 |       0 |   0.0 |      22 |       0 |   0.0
        D:4 |     338 |     368 |  52.1 |      26 |       2 |   7.1
        D:5 |    1091 |     396 |  26.6 |      19 |       3 |  13.6
        D:6 |     774 |     841 |  52.1 |      15 |       2 |  11.8
        D:7 |     673 |     481 |  41.7 |      26 |       2 |   7.1
        D:8 |    1929 |       0 |   0.0 |      17 |       0 |   0.0
    Ossuary |       0 |    1131 | 100.0 |       0 |      31 | 100.0
            +---------+---------+-------+---------+---------+-------
